 Dungeon Crawl Stone Soup version 0.30-a0-263-ge22c4ad894 (webtiles) character file.

Game seed: 4364961297298005385

58 sscrono2 the Sneak (level 4, 0/31 HPs)
             Began as an Octopode Delver on Oct 13, 2022.
             Succumbed to a scorpion's poison
             ... on level 4 of the Dungeon.
             The game lasted 00:00:25 (34 turns).

sscrono2 the Sneak (Octopode Delver)                  Turns: 34, Time: 00:00:26

Health: 0/31       AC:  1    Str: 13    XL:     4   Next: 1%
Magic:  4/4        EV: 13    Int: 12    God:
Gold:   0          SH:  0    Dex: 13    Spells: 3/3 levels left

rFire   . . .      SeeInvis .      - Unarmed
rCold   . . .      Faith    .    (no shield)
rNeg    . . .      Spirit   .    (helmet restricted)
rPois   .          Reflect  .    (no amulet)
rElec   .          Harm     .    (no ring)
rCorr   .          Rampage  .    (no ring)
Will    .....                    (no ring)
Stlth   ++++......               (no ring)
HPRegen 0.25/turn                (no ring)
MPRegen 0.09/turn                (no ring)
                                 (no ring)
                                 (no ring)

@: lethally poisoned (0 -> 0)
A: almost no armour, amphibious, 8 rings, camouflage 1, gelatinous body 1,
(nimble swimmer 1), tentacles
a: no special abilities


You were on level 4 of the Dungeon.
You visited 1 branch of the dungeon, and saw 2 of its levels.

Inventory:

Wands
 e - a wand of digging (3)
Scrolls
 a - a scroll of fog
 b - a scroll of magic mapping
 c - a scroll of fear
Potions
 d - a potion of haste


   Skills:
 - Level 3.0 Fighting
 - Level 2.0 Dodging
 - Level 6.6 Stealth
 + Level 4.1 Unarmed Combat


You had 3 spell levels left.
You didn't know any spells.
Your spell library was empty.

Dungeon Overview and Level Annotations

Branches:
Dungeon (5/15)
 Temple: D:4-7

Altars:


Innate Abilities, Weirdness & Mutations

You cannot wear most types of armour.
You are amphibious.
You can wear up to eight rings at the same time.
Your skin changes colour to match your surroundings (Stealth+).
Your rubbery body absorbs attacks. (AC +1, EV +1)
((You are camouflaged when in or above water. (Stealth+)))
You have tentacles for arms and can constrict up to eight enemies at once.


Message History

The scorpion is almost dead.
You constrict the scorpion. The scorpion misses you.
You tentacle-slap the scorpion.
The scorpion is almost dead.
You constrict the scorpion, but do no damage.
The scorpion barely misses you. The scorpion stings you.
You are lethally poisoned!
The scorpion poisons you!
Unknown command.
You tentacle-slap the scorpion but do no damage.
The scorpion is almost dead.
You constrict the scorpion.
You kill the scorpion!
* * * LOW HITPOINT WARNING * * *
You feel sick.
Your Unarmed Combat skill gained 2 levels and is now at level 4!
You have reached level 2!
You have reached level 3!
Your experience leads to an increase in your attributes!
Increase (S)trength, (I)ntelligence, or (D)exterity?
Uppercase letters only, please.
You feel stronger. x2
You have reached level 4!
Okay, then.
Okay, then.
Found 2 throwing nets.
* * * LOW HITPOINT WARNING * * *
You feel sick.
A sky beast comes into view.
* * * LOW HITPOINT WARNING * * *
You feel sick.
* * * LOW HITPOINT WARNING * * *
You feel sick.
* * * LOW HITPOINT WARNING * * *
You feel sick.
There is a stone staircase leading up here.
* * * LOW HITPOINT WARNING * * *
You feel sick.
You climb upwards.
You die...

.... ..
... .#
#..###.###
........
#..#..#
#..<..
#...######
#.@.......
#.########
#+


There were no monsters in sight!

Vanquished Creatures
  A scorpion (D:5)
1 creature vanquished.

Notes
Turn   | Place    | Note
-------+----------+-------------------------------------------
     0 | D:5      | sscrono2 the Octopode Delver began the quest for the Orb.
     0 | D:5      | Reached XP level 1. HP: 16/16 MP: 1/1
    19 | D:5      | Noticed a scorpion
    28 | D:5      | Killed a scorpion
    29 | D:5      | Reached XP level 2. HP: 4/21 MP: 2/2
    29 | D:5      | Reached XP level 3. HP: 5/26 MP: 3/3
    29 | D:5      | Reached XP level 4. HP: 6/31 MP: 4/4
    30 | D:5      | Noticed a sky beast
    33 | D:5      | HP: 1/31 [poisoned by a scorpion]
    34 | D:4      | Succumbed to a scorpion's poison

Illustrated notes

Levels and vault maps discovered:
D:4:      layout_basic, evilmike_ruin_ashenzari, nzn_wu_jian_council_hall,
          trog_ov_bears_minmay, minmay_overflow_temple_star_quad, serial_undead,
          serial_undead_c, serial_undead_e, serial_undead_a, serial_undead_b,
          serial_shops, nicolae_shop_statue_plus, minmay_misc_feat_square,
          uniq_natasha, uniq_robin
D:5:      layout_basic

Skill      XL: |  1 |
---------------+----+-----
Unarmed Combat | 4 |  4.1
Fighting       | |  3.0
Dodging        | |  2.0
Stealth        | |  6.6

Action                   |  1- 3 |  4- 6 || total
-------------------------+-------+-------++-------
Melee: Unarmed           |     7 |       ||     7
       Constrict         |     1 |       ||     1
       Tentacles         |     1 |       ||     1
 Stab: Sleeping          |     1 |       ||     1
Dodge: Dodged            |     5 |       ||     5

Table legend: (Time is in decaauts)
 A = Elapsed time spent in this place.
 B = Non-inter-level travel time spent in this place.
 C = Inter-level travel time spent in this place.
 D = Time resting spent in this place.
 E = Time spent auto-exploring this place.
 F = Levels seen in this place.
 G = Mean time per level.
                   A        B        C        D        E       F      G
               +--------+--------+--------+--------+--------+-----+--------+
         Total |     33 |     33 |      0 |      0 |     19 |   2 |   16.5 |
       Dungeon |     33 |     33 |      0 |      0 |     19 |   2 |   16.5 |
               +--------+--------+--------+--------+--------+-----+--------+

Top non-repeatable levels by time:
     D:5: 33 daAuts
